Mulligans vs Sasquatch

Created - 27 mars 2017 at 21:06

Goals
1 2 3 T
Mulligans 1 2 1 4
Sasquatch 0 0 2 2
Shots
1 2 3 T
Mulligans 14 13 15 42
Sasquatch 12 14 10 36

1st period

1. Mulligans , Matt Beleskey 21 (Michael Del Zotto) at 6:48

Penalties :
Ryan Strome (Gat) for High sticking (Minor) at 17:24

2nd period

2. Mulligans , Matt Niskanen 7 (Chris Neil, Matt Donovan) at 14:29
3. Mulligans , Matt Beleskey 22 (Maxime Macenauer, Matt Donovan) at 15:47

Penalties :
Jason Akeson (Gat) for Cross-checking (Minor) at 2:48, Matt Niskanen (Rep) for Goalie Interference (Minor) at 11:56, Oliver Lauridsen (Rep) for Interference (Minor) at 19:10

3rd period

4. Sasquatch , Stephane Da Costa 22 (D.J King, James Wisniewski) at 0:33 (PP)
5. Sasquatch , Teemu Hartikainen 4 (Drew Shore, Danny DeKeiser) at 2:56
6. Mulligans , Tim Schaller 15 (Cade Fairchild, Logan Shaw) at 12:52

Penalties :
Stephane Da Costa (Gat) for Holding Stick (Minor) at 3:51, Matt Beleskey (Rep) for Cross-checking (Minor) at 6:17

Goalie Stats

Anders Lindback (Rep), 34 saves from 36 shots - (0,944), W, 25-12-2, 60:00 minutes
Corey Crawford (Gat), 38 saves from 42 shots - (0,905), L, 28-8-1, 60:00 minutes

Players Stats for Mulligans

Player Name              G  A  P  +/- PIM S  H  SB GA TA FO     MP     PP MP  PK MP  
------------------------------------------------------------------------------------
Anton Lander             0  0  0   0  0   2  2  0  0  0  7/17   17:24   2:44   1:36 
Cade Fairchild           0  1  1   1  0   1  1  0  0  0  0/0    10:24   0:00   2:23 
Chris Neil               0  1  1   1  0   2  3  1  1  0  0/0    19:38   3:13   1:14 
Cody Goloubef            0  0  0   0  0   5  0  0  0  0  0/0    12:51   0:00   2:23 
Drayson Bowman           0  0  0   0  0   3  1  2  1  0  0/1    17:50   3:13   0:00 
Eric Tangradi            0  0  0   0  0   2  3  1  1  0  0/1    16:23   2:44   0:19 
Gord Baldwin             0  0  0   1  0   0  0  0  0  0  0/0    13:44   0:00   2:58 
Jonathan Tremblay        0  0  0   0  0   4  1  0  0  2  0/0    16:38   2:44   0:50 
Joonas Donskoi           0  0  0   2  0   0  0  0  0  0  0/0    11:43   0:00   0:00 
Logan Shaw               0  1  1   0  0   1  0  1  0  0  0/0     8:28   0:00   0:00 
Matt Beleskey            2  0  2   2  2   5  0  0  0  0  0/1    14:05   0:00   2:07 
Matt Donovan             0  2  2   2  0   2  0  0  1  1  0/0    20:59   2:39   2:58 
Matt Niskanen            1  0  1   1  2   3  0  2  0  0  0/0    18:58   3:18   0:00 
Maxime Macenauer         0  1  1   2  0   1  0  0  0  1  6/15   14:57   0:00   3:14 
Michael Del Zotto        0  1  1   0  0   1  0  1  1  3  0/0    18:25   3:18   0:00 
Nick Bonino              0  0  0   0  0   7  2  0  0  0  11/24  17:50   3:13   0:00 
Oliver Lauridsen         0  0  0   1  2   0  1  0  0  0  0/0     7:44   0:00   0:00 
Sven Baertschi           0  0  0   1  0   0  0  0  0  0  0/0    10:21   0:00   1:19 
Thomas Hickey            0  0  0   1  0   0  1  0  1  0  0/0    17:27   2:39   0:00 
Tim Schaller             1  0  1   0  0   3  0  0  0  0  1/2     8:47   0:00   0:03 

Players Stats for Sasquatch

Player Name              G  A  P  +/- PIM S  H  SB GA TA FO     MP     PP MP  PK MP  
------------------------------------------------------------------------------------
Andrej Sustr             0  0  0   0  0   0  0  1  0  0  0/0    11:45   0:00   0:00 
Brock Trotter            0  0  0   0  0   3  0  0  0  0  3/3    12:19   0:00   1:27 
D.J King                 0  1  1  -2  0   2  0  0  0  0  1/1    19:45   2:26   3:30 
Danny DeKeiser           0  1  1   0  0   0  1  0  0  1  0/0    17:52   0:00   3:03 
Drew Shore               0  1  1  -1  0   3  0  0  0  0  2/5    10:48   0:00   3:05 
Garnet Hathaway          0  0  0  -1  0   1  1  0  0  1  0/1    13:15   0:00   0:00 
James Wisniewski         0  1  1   0  0   1  2  2  0  0  0/0    17:56   3:01   2:54 
Jason Akeson             0  0  0   0  2   4  2  1  2  0  0/1    19:00   2:53   0:00 
Jonathan Blum            0  0  0  -1  0   3  1  1  1  1  0/0    22:31   2:20   2:54 
Josh Bailey              0  0  0   0  0   2  0  0  0  0  18/28  16:26   0:10   0:00 
Lars Eller               0  0  0  -1  0   3  3  0  0  0  6/10   18:06   2:53   1:44 
Linus Omark              0  0  0   0  0   6  1  0  3  0  2/2    21:18   2:47   2:08 
Nick Leddy               0  0  0  -2  0   1  2  5  1  2  0/0    24:35   3:01   0:00 
Ryan Strome              0  0  0  -1  2   0  1  0  0  0  0/0    13:51   2:26   0:00 
Stephane Da Costa        1  0  1  -1  2   3  0  0  0  0  4/10   13:45   2:26   0:00 
Teemu Hartikainen        1  0  1  -1  0   2  0  0  0  0  0/0     7:38   0:00   0:00 
Tyler Randell            0  0  0  -1  0   0  0  1  0  0  0/0     7:49   0:02   0:00 
Yann Sauvé               0  0  0  -3  0   2  0  2  0  1  0/0    25:21   2:20   3:03 

3 Stars

1 - Matt Beleskey (Rep)
2 - Matt Donovan (Rep)
3 - Anders Lindback (Rep)

Power Play

Mulligans - 0 on 3 Attempt(s) - 0,00%
Sasquatch - 1 on 3 Attempt(s) - 33,33%

Penalty Kill

Mulligans - 2 on 3 Attempt(s) - 66,67% - Score 0 goal in Penalty Kill
Sasquatch - 3 on 3 Attempt(s) - 100,00% - Score 0 goal in Penalty Kill

Team Stat

Mulligans - Hits : 15 - Faceoff Wins : 25 - Blocked Shots : 8 - Penalty Minutes : 6
Sasquatch - Hits : 14 - Faceoff Wins : 36 - Blocked Shots : 13 - Penalty Minutes : 6

Official

Referees : Rehman Kyle and Jackson Dave
Linesman : Thor Nelson and Vaughan Rody

Game Notes

No Game Note

Finance

Level 1 -- Attendance: 1647 (82,35%) -- Ticket Income 57 645 $
Level 2 -- Attendance: 717 (71,70%) -- Ticket Income 10 755 $
Total Attendance: 2364 (78,80%)
Total Ticket Income: 68 400 $
Other Income: 3 420 $
Total Income: 71 820 $

Mulligans

5 vs 5 Forward 
   Center                   Left Wing                Right Wing               Time % Phy DF OF 
 1 Nick Bonino              Drayson Bowman           Chris Neil               32     0   2  3  
 2 Anton Lander             Eric Tangradi            Jonathan Tremblay        28     1   2  2  
 3 Maxime Macenauer         Matt Beleskey            Joonas Donskoi           24     0   2  3  
 4 Tim Schaller             Sven Baertschi           Logan Shaw               16     1   2  2  

5 vs 5 Defense 
   Defense                  Defense                                           Time % Phy DF OF 
 1 Michael Del Zotto        Matt Niskanen                                     30     1   2  2  
 2 Thomas Hickey            Matt Donovan                                      30     1   2  2  
 3 Gord Baldwin             Cody Goloubef                                     22     1   2  2  
 4 Oliver Lauridsen         Cade Fairchild                                    18     1   3  1  

PowerPlay Forward 
   Center                   Left Wing                Right Wing               Time % Phy DF OF 
 1 Nick Bonino              Drayson Bowman           Chris Neil               60     0   1  4  
 2 Anton Lander             Eric Tangradi            Jonathan Tremblay        40     0   1  4  

PowerPlay Defense
   Defense                  Defense                                           Time % Phy DF OF 
 1 Michael Del Zotto        Matt Niskanen                                     55     0   2  3  
 2 Thomas Hickey            Matt Donovan                                      45     0   2  3  

Penalty Kill 4 Players Forward 
   Center                   Wing                     Time % Phy DF OF 
 1 Maxime Macenauer         Matt Beleskey            60     0   4  1  
 2 Anton Lander             Jonathan Tremblay        40     0   4  1  

Penalty Kill 4 Players Defense
   Defense                  Defense                  Time % Phy DF OF 
 1 Matt Donovan             Gord Baldwin             60     1   4  0  
 2 Cade Fairchild           Cody Goloubef            40     1   4  0  

Penalty Kill - 3 Players Forward 
   Forward                                           Time % Phy DF OF 
 1 Maxime Macenauer                                  60     1   4  0  
 2 Anton Lander                                      40     1   4  0  

Penalty Kill - 3 Players Defense
   Defense                  Defense                  Time % Phy DF OF 
 1 Matt Donovan             Matt Niskanen            60     1   4  0  
 2 Gord Baldwin             Cade Fairchild           40     1   4  0  

4 vs 4 Forward 
   Center                   Wing                     Time % Phy DF OF 
 1 Nick Bonino              Drayson Bowman           60     0   2  3  
 2 Anton Lander             Eric Tangradi            40     1   2  2  

4 vs 4 Defense
   Defense                  Defense                  Time % Phy DF OF 
 1 Michael Del Zotto        Matt Niskanen            60     1   2  2  
 2 Thomas Hickey            Matt Donovan             40     1   2  2  

Last Minutes Offensive
   Center                   Left Wing                Right Wing               Defense                  Defense                  
   Nick Bonino              Drayson Bowman           Chris Neil               Michael Del Zotto        Matt Niskanen            

Last Minutes Defensive
   Center                   Left Wing                Right Wing               Defense                  Defense                  
   Anton Lander             Eric Tangradi            Jonathan Tremblay        Matt Niskanen            Matt Donovan             

Goaltenders
Starting : Anders Lindback          
Backup : Calvin Pickard           

Extra Forwards
Normal : Logan Shaw, Sven Baertschi, Joonas Donskoi - PP : Matt Beleskey, Logan Shaw - PK : Chris Neil
Extra Defensemen
Normal : Cody Goloubef, Matt Donovan, Michael Del Zotto - PP : Matt Donovan - PK : Matt Niskanen, Thomas Hickey
Penalty Shots
Chris Neil, Maxime Macenauer, Nick Bonino, Matt Beleskey, Thomas Hickey

Sasquatch

5 vs 5 Forward 
   Center                   Left Wing                Right Wing               Time % Phy DF OF 
 1 Josh Bailey              Linus Omark              Jason Akeson             40     1   2  2  
 2 Lars Eller               D.J King                 Garnet Hathaway          30     1   2  2  
 3 Stephane Da Costa        Brock Trotter            Ryan Strome              20     1   2  2  
 4 Drew Shore               Teemu Hartikainen        Tyler Randell            10     1   2  2  

5 vs 5 Defense 
   Defense                  Defense                                           Time % Phy DF OF 
 1 Nick Leddy               Yann Sauvé                                        40     1   2  2  
 2 Danny DeKeiser           Jonathan Blum                                     30     1   2  2  
 3 Andrej Sustr             James Wisniewski                                  20     1   2  2  
 4 Jonathan Blum            Nick Leddy                                        10     1   2  2  

PowerPlay Forward 
   Center                   Left Wing                Right Wing               Time % Phy DF OF 
 1 Lars Eller               Linus Omark              Jason Akeson             60     1   2  2  
 2 Stephane Da Costa        D.J King                 Ryan Strome              40     1   2  2  

PowerPlay Defense
   Defense                  Defense                                           Time % Phy DF OF 
 1 Nick Leddy               James Wisniewski                                  60     1   2  2  
 2 Yann Sauvé               Jonathan Blum                                     40     1   2  2  

Penalty Kill 4 Players Forward 
   Center                   Wing                     Time % Phy DF OF 
 1 Drew Shore               D.J King                 60     1   2  2  
 2 Lars Eller               Linus Omark              40     1   2  2  

Penalty Kill 4 Players Defense
   Defense                  Defense                  Time % Phy DF OF 
 1 Danny DeKeiser           Yann Sauvé               60     1   2  2  
 2 James Wisniewski         Jonathan Blum            40     1   2  2  

Penalty Kill - 3 Players Forward 
   Forward                                           Time % Phy DF OF 
 1 Lars Eller                                        60     1   2  2  
 2 Drew Shore                                        40     1   2  2  

Penalty Kill - 3 Players Defense
   Defense                  Defense                  Time % Phy DF OF 
 1 Yann Sauvé               Danny DeKeiser           60     1   2  2  
 2 Andrej Sustr             Jonathan Blum            40     1   2  2  

4 vs 4 Forward 
   Center                   Wing                     Time % Phy DF OF 
 1 Josh Bailey              D.J King                 60     1   2  2  
 2 Stephane Da Costa        Linus Omark              40     1   2  2  

4 vs 4 Defense
   Defense                  Defense                  Time % Phy DF OF 
 1 Yann Sauvé               Nick Leddy               60     1   2  2  
 2 Danny DeKeiser           Jonathan Blum            40     1   2  2  

Last Minutes Offensive
   Center                   Left Wing                Right Wing               Defense                  Defense                  
   Lars Eller               Linus Omark              Jason Akeson             Nick Leddy               Jonathan Blum            

Last Minutes Defensive
   Center                   Left Wing                Right Wing               Defense                  Defense                  
   Drew Shore               Linus Omark              D.J King                 Danny DeKeiser           Yann Sauvé               

Goaltenders
Starting : Corey Crawford           
Backup : Jake Allen               

Extra Forwards
Normal : Teemu Hartikainen, Drew Shore, Brock Trotter - PP : Josh Bailey, Linus Omark - PK : Brock Trotter
Extra Defensemen
Normal : Jonathan Blum, Andrej Sustr, James Wisniewski - PP : Andrej Sustr - PK : Nick Leddy, Danny DeKeiser
Penalty Shots
Linus Omark, Lars Eller, Jason Akeson, Ryan Strome, D.J King

% Time on Ice - Mulligans

Lines # - Real PCT - Wanted PCT - Time Play
Normal Forward
1 - 32% - 32% - 15:27
2 - 27% - 28% - 13:04
3 - 24% - 24% - 11:43
4 - 17% - 16% - 8:28
Normal Defense
1 - 32% - 30% - 15:41
2 - 31% - 30% - 15:04
3 - 21% - 22% - 10:12
4 - 16% - 18% - 7:45
PP Forward
1 - 54% - 60% - 3:13
2 - 46% - 40% - 2:44
PP Defense
1 - 55% - 55% - 3:18
2 - 45% - 45% - 2:39
PK Forward
1 - 84% - 60% - 4:31
2 - 16% - 40% - 0:50
PK Defense
1 - 55% - 60% - 2:58
2 - 45% - 40% - 2:23
PK3 Forward
1 - 0% - 60%
2 - 0% - 40%
PK3 Defense
1 - 0% - 60%
2 - 0% - 40%
44 Forward
1 - 0% - 60%
2 - 0% - 40%
44 Defense
1 - 0% - 60%
2 - 0% - 40%
Last Minute Offensive  - 0:00
Last Minute Defensive  - 0:00
Total
Forward - 60:00
Defense - 60:00

% Time on Ice - Sasquatch

Lines # - Real PCT - Wanted PCT - Time Play
Normal Forward
1 - 34% - 40% - 16:28
2 - 29% - 30% - 14:03
3 - 22% - 20% - 10:40
4 - 15% - 10% - 7:31
Normal Defense
1 - 40% - 40% - 19:40
2 - 30% - 30% - 14:44
3 - 24% - 20% - 11:45
4 - 5% - 10% - 2:33
PP Forward
1 - 55% - 60% - 2:55
2 - 45% - 40% - 2:26
PP Defense
1 - 56% - 60% - 3:01
2 - 44% - 40% - 2:20
PK Forward
1 - 71% - 60% - 4:13
2 - 29% - 40% - 1:44
PK Defense
1 - 51% - 60% - 3:03
2 - 49% - 40% - 2:54
PK3 Forward
1 - 0% - 60%
2 - 0% - 40%
PK3 Defense
1 - 0% - 60%
2 - 0% - 40%
44 Forward
1 - 0% - 60%
2 - 0% - 40%
44 Defense
1 - 0% - 60%
2 - 0% - 40%
Last Minute Offensive  - 0:00
Last Minute Defensive  - 0:00
Total
Forward - 60:00
Defense - 60:00

Play by Play

1st period


0:01 of 1st period - Josh Bailey wins face-off versus Nick Bonino in neutral zone.
0:25 of 1st period - Lars Eller is hit by Eric Tangradi and loses puck.
0:45 of 1st period - Off-side.
0:46 of 1st period - Stephane Da Costa wins face-off versus Maxime Macenauer in neutral zone.
0:49 of 1st period - Snap shot by Brock Trotter.
0:49 of 1st period - Stopped by Anders Lindback with a rebound.
0:51 of 1st period - Wrist shot by Brock Trotter.
0:51 of 1st period - Shot Hit the Post.
0:59 of 1st period - Maxime Macenauer is hit by Jonathan Blum.
1:15 of 1st period - Snap shot by Jason Akeson.
1:15 of 1st period - Stopped by Anders Lindback without a rebound.
1:16 of 1st period - Josh Bailey wins face-off versus Nick Bonino in Mulligans zone.
1:29 of 1st period - Snap shot by Jason Akeson.
1:29 of 1st period - Shot Blocked by Drayson Bowman.
2:09 of 1st period - Slapshot by Lars Eller.
2:09 of 1st period - Shot Misses the Net.
2:11 of 1st period - Snap shot by James Wisniewski.
2:11 of 1st period - Stopped by Anders Lindback with a rebound.
2:23 of 1st period - Slapshot by Tim Schaller.
2:23 of 1st period - Stopped by Corey Crawford without a rebound.
2:24 of 1st period - Brock Trotter wins face-off versus Maxime Macenauer in Sasquatch zone.
2:49 of 1st period - Wrist shot by Nick Bonino.
2:49 of 1st period - Stopped by Corey Crawford with a rebound.
3:33 of 1st period - Wrist shot by Drew Shore.
3:33 of 1st period - Shot Misses the Net.
3:35 of 1st period - Slapshot by Drew Shore.
3:35 of 1st period - Stopped by Anders Lindback with a rebound.
3:37 of 1st period - Snap shot by Jonathan Blum.
3:37 of 1st period - Stopped by Anders Lindback without a rebound.
3:38 of 1st period - Josh Bailey wins face-off versus Nick Bonino in Mulligans zone.
3:46 of 1st period - Off-side.
3:47 of 1st period - Linus Omark wins face-off versus Nick Bonino in neutral zone.
4:00 of 1st period - Snap shot by Chris Neil.
4:00 of 1st period - Stopped by Corey Crawford with a rebound.
4:02 of 1st period - Snap shot by Matt Niskanen.
4:02 of 1st period - Stopped by Corey Crawford without a rebound.
4:03 of 1st period - Maxime Macenauer wins face-off versus Lars Eller in Sasquatch zone.
5:00 of 1st period - Snap shot by Jason Akeson.
5:00 of 1st period - Stopped by Anders Lindback with a rebound.
5:10 of 1st period - Wrist shot by Drayson Bowman.
5:10 of 1st period - Stopped by Corey Crawford without a rebound.
5:11 of 1st period - Nick Bonino wins face-off versus Drew Shore in Sasquatch zone.
6:48 of 1st period - Snap shot by Matt Beleskey.
6:48 of 1st period - Goal by Matt Beleskey - Mulligans : 1 - Sasquatch : 0.
6:49 of 1st period - Nick Bonino wins face-off versus Josh Bailey in neutral zone.
7:14 of 1st period - D.J King is hit by Anton Lander and loses puck.
7:19 of 1st period - Slapshot by Eric Tangradi.
7:19 of 1st period - Shot Blocked by Jonathan Blum.
7:21 of 1st period - Snap shot by Anton Lander.
7:21 of 1st period - Shot Misses the Net.
7:23 of 1st period - Snap shot by Eric Tangradi.
7:23 of 1st period - Stopped by Corey Crawford with a rebound.
7:25 of 1st period - Snap shot by Jonathan Tremblay.
7:25 of 1st period - Stopped by Corey Crawford with a rebound.
8:18 of 1st period - Snap shot by Drayson Bowman.
8:18 of 1st period - Shot Misses the Net.
8:20 of 1st period - Snap shot by Gord Baldwin.
8:20 of 1st period - Shot Misses the Net.
8:22 of 1st period - Snap shot by Cody Goloubef.
8:22 of 1st period - Shot Misses the Net.
8:24 of 1st period - Wrist shot by Anton Lander.
8:24 of 1st period - Shot Misses the Net.
8:26 of 1st period - Slapshot by Cody Goloubef.
8:26 of 1st period - Stopped by Corey Crawford with a rebound.
10:00 of 1st period - Snap shot by Nick Bonino.
10:00 of 1st period - Stopped by Corey Crawford with a rebound.
10:02 of 1st period - Slapshot by Cade Fairchild.
10:02 of 1st period - Stopped by Corey Crawford with a rebound.
10:04 of 1st period - Wrist shot by Chris Neil.
10:04 of 1st period - Stopped by Corey Crawford without a rebound.
10:05 of 1st period - Nick Bonino wins face-off versus Josh Bailey in Sasquatch zone.
10:32 of 1st period - Anton Lander is hit by Lars Eller and loses puck.
13:41 of 1st period - Snap shot by Matt Beleskey.
13:41 of 1st period - Shot Misses the Net.
13:59 of 1st period - Matt Niskanen is hit by Jason Akeson.
14:29 of 1st period - D.J King is hit by Chris Neil and loses puck.
14:46 of 1st period - Slapshot by Drew Shore.
14:46 of 1st period - Shot Blocked by Logan Shaw.
15:18 of 1st period - Andrej Sustr is hit by Eric Tangradi.
15:45 of 1st period - Icing by Drayson Bowman.
15:46 of 1st period - Nick Bonino wins face-off versus Lars Eller in Mulligans zone.
15:55 of 1st period - Slapshot by Lars Eller.
15:55 of 1st period - Shot Blocked by Matt Niskanen.
16:03 of 1st period - Snap shot by Lars Eller.
16:03 of 1st period - Shot Blocked by Michael Del Zotto.
16:05 of 1st period - Wrist shot by Lars Eller.
16:05 of 1st period - Stopped by Anders Lindback with a rebound.
16:13 of 1st period - Slapshot by Lars Eller.
16:13 of 1st period - Shot Misses the Net.
16:15 of 1st period - Wrist shot by Lars Eller.
16:15 of 1st period - Shot Misses the Net.
16:17 of 1st period - Snap shot by D.J King.
16:17 of 1st period - Shot Misses the Net.
16:19 of 1st period - Wrist shot by D.J King.
16:19 of 1st period - Shot Blocked by Chris Neil.
16:21 of 1st period - Snap shot by James Wisniewski.
16:21 of 1st period - Shot Blocked by Drayson Bowman.
16:23 of 1st period - Snap shot by D.J King.
16:23 of 1st period - Shot Misses the Net.
16:25 of 1st period - Slapshot by D.J King.
16:25 of 1st period - Shot Misses the Net.
16:27 of 1st period - Slapshot by Yann Sauvé.
16:27 of 1st period - Stopped by Anders Lindback with a rebound.
16:33 of 1st period - Wrist shot by Garnet Hathaway.
16:33 of 1st period - Shot Blocked by Matt Niskanen.
16:41 of 1st period - Slapshot by Lars Eller.
16:41 of 1st period - Deflect By D.J King.
16:41 of 1st period - Shot Hit the Post.
16:41 of 1st period - Puck is out of play.
16:42 of 1st period - Linus Omark wins face-off versus Eric Tangradi in Mulligans zone.
16:47 of 1st period - Wrist shot by Josh Bailey.
16:47 of 1st period - Stopped by Anders Lindback without a rebound.
16:48 of 1st period - Josh Bailey wins face-off versus Anton Lander in Mulligans zone.
16:57 of 1st period - Wrist shot by Jason Akeson.
16:57 of 1st period - Deflect By Thomas Hickey.
16:57 of 1st period - Stopped by Anders Lindback with a rebound.
16:59 of 1st period - Wrist shot by Linus Omark.
16:59 of 1st period - Deflect By Matt Donovan.
16:59 of 1st period - Stopped by Anders Lindback with a rebound.
17:01 of 1st period - Slapshot by Yann Sauvé.
17:01 of 1st period - Shot Blocked by Eric Tangradi.
17:03 of 1st period - Slapshot by Nick Leddy.
17:03 of 1st period - Deflect By Jonathan Tremblay.
17:03 of 1st period - Stopped by Anders Lindback with a rebound.
17:24 of 1st period - Minor Penalty to Ryan Strome for High sticking.
17:25 of 1st period - Nick Bonino wins face-off versus Drew Shore in Sasquatch zone.
18:01 of 1st period - Slapshot by Jonathan Tremblay.
18:01 of 1st period - Stopped by Corey Crawford without a rebound.
18:02 of 1st period - Lars Eller wins face-off versus Anton Lander in Sasquatch zone.
19:24 of 1st period - Penalty to Ryan Strome is over, Ryan Strome is back on ice.
19:44 of 1st period - Icing by Jason Akeson.
19:45 of 1st period - Tim Schaller wins face-off versus Josh Bailey in Sasquatch zone.
19:48 of 1st period - Wrist shot by Tim Schaller.
19:48 of 1st period - Stopped by Corey Crawford without a rebound.
19:49 of 1st period - Josh Bailey wins face-off versus Tim Schaller in Sasquatch zone.
19:56 of 1st period - Cody Goloubef is hit by Linus Omark and loses puck.
Goals for this period are 1 for Mulligans vs 0 for Sasquatch.
Shots for this period are 14 for Mulligans vs 12 for Sasquatch.

2nd period


0:01 of 2nd period - Josh Bailey wins face-off versus Drayson Bowman in neutral zone.
0:16 of 2nd period - Snap shot by Nick Bonino.
0:16 of 2nd period - Deflect By Drayson Bowman.
0:16 of 2nd period - Shot Misses the Net.
0:16 of 2nd period - Puck is out of play.
0:17 of 2nd period - Anton Lander wins face-off versus Lars Eller in Sasquatch zone.
0:20 of 2nd period - Slapshot by Jonathan Tremblay.
0:20 of 2nd period - Shot Blocked by Nick Leddy.
1:13 of 2nd period - Wrist shot by Linus Omark.
1:13 of 2nd period - Stopped by Anders Lindback without a rebound.
1:14 of 2nd period - Nick Bonino wins face-off versus Lars Eller in Mulligans zone.
1:14 of 2nd period - Nick Bonino is hit by Lars Eller.
1:46 of 2nd period - Wrist shot by D.J King.
1:46 of 2nd period - Stopped by Anders Lindback without a rebound.
1:47 of 2nd period - Anton Lander wins face-off versus Stephane Da Costa in Mulligans zone.
1:49 of 2nd period - Icing by Jonathan Tremblay.
1:50 of 2nd period - Stephane Da Costa wins face-off versus Anton Lander in Mulligans zone.
2:31 of 2nd period - Wrist shot by Brock Trotter.
2:31 of 2nd period - Stopped by Anders Lindback without a rebound.
2:32 of 2nd period - Josh Bailey wins face-off versus Nick Bonino in Mulligans zone.
2:39 of 2nd period - Snap shot by Nick Bonino.
2:39 of 2nd period - Stopped by Corey Crawford without a rebound.
2:40 of 2nd period - Nick Bonino wins face-off versus Josh Bailey in Sasquatch zone.
2:48 of 2nd period - Minor Penalty to Jason Akeson for Cross-checking.
2:49 of 2nd period - Drew Shore wins face-off versus Nick Bonino in Sasquatch zone.
3:03 of 2nd period - Wrist shot by Nick Bonino.
3:03 of 2nd period - Stopped by Corey Crawford with a rebound.
3:37 of 2nd period - Wrist shot by Linus Omark.
3:37 of 2nd period - Stopped by Anders Lindback with a rebound.
4:48 of 2nd period - Penalty to Jason Akeson is over, Jason Akeson is back on ice.
6:26 of 2nd period - Icing by Lars Eller.
6:27 of 2nd period - Lars Eller wins face-off versus Anton Lander in Sasquatch zone.
7:18 of 2nd period - Joonas Donskoi is hit by Jason Akeson.
8:22 of 2nd period - Nick Bonino is hit by Ryan Strome and loses puck.
8:52 of 2nd period - Wrist shot by Josh Bailey.
8:52 of 2nd period - Stopped by Anders Lindback with a rebound.
9:08 of 2nd period - Snap shot by Lars Eller.
9:08 of 2nd period - Stopped by Anders Lindback with a rebound.
9:10 of 2nd period - Wrist shot by Garnet Hathaway.
9:10 of 2nd period - Stopped by Anders Lindback without a rebound.
9:11 of 2nd period - Nick Bonino wins face-off versus Josh Bailey in Mulligans zone.
9:11 of 2nd period - Nick Bonino is hit by Nick Leddy.
9:14 of 2nd period - Icing by Chris Neil.
9:15 of 2nd period - Josh Bailey wins face-off versus Nick Bonino in Mulligans zone.
9:30 of 2nd period - Jason Akeson is hit by Nick Bonino and loses puck.
10:00 of 2nd period - Icing by Nick Leddy.
10:01 of 2nd period - Maxime Macenauer wins face-off versus Stephane Da Costa in Sasquatch zone.
10:02 of 2nd period - Wrist shot by Matt Beleskey.
10:02 of 2nd period - Stopped by Corey Crawford without a rebound.
10:03 of 2nd period - Maxime Macenauer wins face-off versus Stephane Da Costa in Sasquatch zone.
10:18 of 2nd period - Snap shot by Stephane Da Costa.
10:18 of 2nd period - Stopped by Anders Lindback without a rebound.
10:19 of 2nd period - Josh Bailey wins face-off versus Nick Bonino in Mulligans zone.
11:03 of 2nd period - Icing by D.J King.
11:04 of 2nd period - Brock Trotter wins face-off versus Maxime Macenauer in Sasquatch zone.
11:11 of 2nd period - Snap shot by Stephane Da Costa.
11:11 of 2nd period - Stopped by Anders Lindback without a rebound.
11:12 of 2nd period - Josh Bailey wins face-off versus Nick Bonino in Mulligans zone.
11:19 of 2nd period - Slapshot by Nick Bonino.
11:19 of 2nd period - Shot Blocked by Nick Leddy.
11:21 of 2nd period - Wrist shot by Drayson Bowman.
11:21 of 2nd period - Stopped by Corey Crawford without a rebound.
11:22 of 2nd period - Josh Bailey wins face-off versus Nick Bonino in Sasquatch zone.
11:27 of 2nd period - Jason Akeson is hit by Drayson Bowman.
11:56 of 2nd period - Minor Penalty to Matt Niskanen for Goalie Interference.
11:57 of 2nd period - Maxime Macenauer wins face-off versus Stephane Da Costa in Mulligans zone.
12:07 of 2nd period - Wrist shot by D.J King.
12:07 of 2nd period - Shot Misses the Net.
13:34 of 2nd period - Slapshot by Jonathan Tremblay.
13:34 of 2nd period - Stopped by Corey Crawford with a rebound.
13:56 of 2nd period - Penalty to Matt Niskanen is over, Matt Niskanen is back on ice.
14:00 of 2nd period - Jonathan Blum is hit by Chris Neil and loses puck.
14:05 of 2nd period - Snap shot by Matt Niskanen.
14:05 of 2nd period - Shot Misses the Net.
14:13 of 2nd period - Snap shot by Chris Neil.
14:13 of 2nd period - Shot Misses the Net.
14:27 of 2nd period - Wrist shot by Matt Niskanen.
14:27 of 2nd period - Shot Misses the Net.
14:29 of 2nd period - Slapshot by Matt Niskanen.
14:29 of 2nd period - Goal by Matt Niskanen - Mulligans : 2 - Sasquatch : 0.
14:30 of 2nd period - Josh Bailey wins face-off versus Anton Lander in neutral zone.
14:37 of 2nd period - Slapshot by Linus Omark.
14:37 of 2nd period - Stopped by Anders Lindback with a rebound.
14:39 of 2nd period - Snap shot by Linus Omark.
14:39 of 2nd period - Shot Misses the Net.
14:41 of 2nd period - Snap shot by Jason Akeson.
14:41 of 2nd period - Stopped by Anders Lindback without a rebound.
14:42 of 2nd period - Anton Lander wins face-off versus Josh Bailey in Mulligans zone.
14:53 of 2nd period - Wrist shot by Anton Lander.
14:53 of 2nd period - Shot Blocked by Nick Leddy.
15:29 of 2nd period - Wrist shot by Teemu Hartikainen.
15:29 of 2nd period - Deflect By Lars Eller.
15:29 of 2nd period - Stopped by Anders Lindback without a rebound.
15:30 of 2nd period - Maxime Macenauer wins face-off versus Garnet Hathaway in Mulligans zone.
15:43 of 2nd period - Slapshot by Maxime Macenauer.
15:43 of 2nd period - Shot Misses the Net.
15:45 of 2nd period - Wrist shot by Matt Beleskey.
15:45 of 2nd period - Stopped by Corey Crawford with a rebound.
15:47 of 2nd period - Snap shot by Matt Beleskey.
15:47 of 2nd period - Goal by Matt Beleskey - Mulligans : 3 - Sasquatch : 0.
15:48 of 2nd period - Anton Lander wins face-off versus Josh Bailey in neutral zone.
15:53 of 2nd period - Wrist shot by Anton Lander.
15:53 of 2nd period - Stopped by Corey Crawford without a rebound.
15:54 of 2nd period - Anton Lander wins face-off versus Josh Bailey in Sasquatch zone.
15:59 of 2nd period - Slapshot by Matt Donovan.
15:59 of 2nd period - Shot Misses the Net.
16:01 of 2nd period - Wrist shot by Thomas Hickey.
16:01 of 2nd period - Shot Misses the Net.
16:03 of 2nd period - Snap shot by Anton Lander.
16:03 of 2nd period - Stopped by Corey Crawford with a rebound.
16:09 of 2nd period - Slapshot by Matt Donovan.
16:09 of 2nd period - Deflect By Jason Akeson.
16:09 of 2nd period - Stopped by Corey Crawford without a rebound.
16:10 of 2nd period - D.J King wins face-off versus Nick Bonino in Sasquatch zone.
16:24 of 2nd period - Nick Bonino is hit by Lars Eller and loses puck.
17:28 of 2nd period - Snap shot by Matt Beleskey.
17:28 of 2nd period - Shot Misses the Net.
17:58 of 2nd period - Linus Omark is hit by Anton Lander and loses puck.
18:05 of 2nd period - Wrist shot by Jonathan Tremblay.
18:05 of 2nd period - Deflect By Anton Lander.
18:05 of 2nd period - Shot Misses the Net.
18:05 of 2nd period - Puck is out of play.
18:06 of 2nd period - Josh Bailey wins face-off versus Maxime Macenauer in Sasquatch zone.
18:11 of 2nd period - Snap shot by Matt Beleskey.
18:11 of 2nd period - Shot Blocked by Jason Akeson.
18:13 of 2nd period - Wrist shot by Maxime Macenauer.
18:13 of 2nd period - Shot Misses the Net.
18:15 of 2nd period - Slapshot by Cody Goloubef.
18:15 of 2nd period - Stopped by Corey Crawford with a rebound.
18:17 of 2nd period - Snap shot by Joonas Donskoi.
18:17 of 2nd period - Deflect By Maxime Macenauer.
18:17 of 2nd period - Stopped by Corey Crawford with a rebound.
19:10 of 2nd period - Minor Penalty to Oliver Lauridsen for Interference.
19:11 of 2nd period - Lars Eller wins face-off versus Maxime Macenauer in Mulligans zone.
19:20 of 2nd period - Wrist shot by Linus Omark.
19:20 of 2nd period - Stopped by Anders Lindback with a rebound.
19:22 of 2nd period - Snap shot by Jonathan Blum.
19:22 of 2nd period - Stopped by Anders Lindback with a rebound.
19:24 of 2nd period - Slapshot by Yann Sauvé.
19:24 of 2nd period - Shot Misses the Net.
19:44 of 2nd period - Off-side.
19:45 of 2nd period - Lars Eller wins face-off versus Anton Lander in neutral zone.
Goals for this period are 2 for Mulligans vs 0 for Sasquatch.
Shots for this period are 13 for Mulligans vs 14 for Sasquatch.

3rd period


0:01 of 3rd period - Lars Eller wins face-off versus Maxime Macenauer in neutral zone.
0:08 of 3rd period - Snap shot by Maxime Macenauer.
0:08 of 3rd period - Shot Blocked by James Wisniewski.
0:33 of 3rd period - Snap shot by Stephane Da Costa.
0:33 of 3rd period - Goal by Stephane Da Costa - Mulligans : 3 - Sasquatch : 1.
0:34 of 3rd period - Josh Bailey wins face-off versus Anton Lander in neutral zone.
1:11 of 3rd period - D.J King is hit by Chris Neil and loses puck.
1:22 of 3rd period - Slapshot by Jonathan Blum.
1:22 of 3rd period - Stopped by Anders Lindback with a rebound.
1:25 of 3rd period - Icing by Matt Donovan.
1:26 of 3rd period - Stephane Da Costa wins face-off versus Maxime Macenauer in Mulligans zone.
1:37 of 3rd period - Wrist shot by Maxime Macenauer.
1:37 of 3rd period - Shot Misses the Net.
1:41 of 3rd period - Slapshot by Matt Donovan.
1:41 of 3rd period - Deflect By Ryan Strome.
1:41 of 3rd period - Stopped by Corey Crawford without a rebound.
1:42 of 3rd period - Nick Bonino wins face-off versus Jason Akeson in Sasquatch zone.
1:53 of 3rd period - Snap shot by Nick Bonino.
1:53 of 3rd period - Stopped by Corey Crawford with a rebound.
2:56 of 3rd period - Wrist shot by Teemu Hartikainen.
2:56 of 3rd period - Goal by Teemu Hartikainen - Mulligans : 3 - Sasquatch : 2.
2:57 of 3rd period - Josh Bailey wins face-off versus Nick Bonino in neutral zone.
3:23 of 3rd period - Nick Leddy is hit by Oliver Lauridsen.
3:42 of 3rd period - Snap shot by Brock Trotter.
3:42 of 3rd period - Stopped by Anders Lindback with a rebound.
3:51 of 3rd period - Minor Penalty to Stephane Da Costa for Holding Stick.
3:52 of 3rd period - Drew Shore wins face-off versus Nick Bonino in Sasquatch zone.
4:25 of 3rd period - James Wisniewski is hit by Jonathan Tremblay and loses puck.
4:46 of 3rd period - Matt Donovan is hit by James Wisniewski and loses puck.
5:12 of 3rd period - Icing by Jonathan Tremblay.
5:13 of 3rd period - Brock Trotter wins face-off versus Anton Lander in Mulligans zone.
5:51 of 3rd period - Penalty to Stephane Da Costa is over, Stephane Da Costa is back on ice.
5:52 of 3rd period - Stephane Da Costa is hit by Thomas Hickey.
6:17 of 3rd period - Minor Penalty to Matt Beleskey for Cross-checking.
6:18 of 3rd period - Stephane Da Costa wins face-off versus Maxime Macenauer in Mulligans zone.
6:43 of 3rd period - Jason Akeson is hit by Cade Fairchild and loses puck.
8:17 of 3rd period - Penalty to Matt Beleskey is over, Matt Beleskey is back on ice.
8:20 of 3rd period - Snap shot by Eric Tangradi.
8:20 of 3rd period - Stopped by Corey Crawford with a rebound.
8:22 of 3rd period - Slapshot by Cody Goloubef.
8:22 of 3rd period - Stopped by Corey Crawford with a rebound.
8:24 of 3rd period - Slapshot by Cade Fairchild.
8:24 of 3rd period - Shot Misses the Net.
8:32 of 3rd period - Snap shot by Eric Tangradi.
8:32 of 3rd period - Deflect By Matt Beleskey.
8:32 of 3rd period - Shot Blocked by Nick Leddy.
8:32 of 3rd period - Puck is out of play.
8:33 of 3rd period - Nick Bonino wins face-off versus Drew Shore in Sasquatch zone.
9:54 of 3rd period - Wrist shot by Tyler Randell.
9:54 of 3rd period - Shot Misses the Net.
9:56 of 3rd period - Snap shot by Drew Shore.
9:56 of 3rd period - Stopped by Anders Lindback with a rebound.
9:58 of 3rd period - Slapshot by Teemu Hartikainen.
9:58 of 3rd period - Stopped by Anders Lindback without a rebound.
9:59 of 3rd period - Anton Lander wins face-off versus Josh Bailey in Mulligans zone.
10:06 of 3rd period - Wrist shot by Matt Niskanen.
10:06 of 3rd period - Shot Blocked by Nick Leddy.
10:32 of 3rd period - Slapshot by Nick Bonino.
10:32 of 3rd period - Stopped by Corey Crawford with a rebound.
10:50 of 3rd period - Slapshot by Maxime Macenauer.
10:50 of 3rd period - Shot Blocked by Andrej Sustr.
10:52 of 3rd period - Wrist shot by Matt Beleskey.
10:52 of 3rd period - Stopped by Corey Crawford with a rebound.
10:54 of 3rd period - Slapshot by Matt Niskanen.
10:54 of 3rd period - Shot Blocked by James Wisniewski.
10:56 of 3rd period - Slapshot by Michael Del Zotto.
10:56 of 3rd period - Stopped by Corey Crawford with a rebound.
10:58 of 3rd period - Wrist shot by Matt Niskanen.
10:58 of 3rd period - Stopped by Corey Crawford with a rebound.
11:30 of 3rd period - Cody Goloubef is hit by James Wisniewski and loses puck.
11:42 of 3rd period - Icing by Yann Sauvé.
11:43 of 3rd period - Josh Bailey wins face-off versus Matt Beleskey in Sasquatch zone.
12:31 of 3rd period - Drayson Bowman is hit by Danny DeKeiser and loses puck.
12:42 of 3rd period - Wrist shot by Chris Neil.
12:42 of 3rd period - Shot Misses the Net.
12:44 of 3rd period - Slapshot by Logan Shaw.
12:44 of 3rd period - Shot Blocked by Yann Sauvé.
12:46 of 3rd period - Wrist shot by Logan Shaw.
12:46 of 3rd period - Stopped by Corey Crawford with a rebound.
12:48 of 3rd period - Slapshot by Cade Fairchild.
12:48 of 3rd period - Shot Blocked by Tyler Randell.
12:52 of 3rd period - Snap shot by Tim Schaller.
12:52 of 3rd period - Goal by Tim Schaller - Mulligans : 4 - Sasquatch : 2.
12:53 of 3rd period - Anton Lander wins face-off versus Josh Bailey in neutral zone.
12:57 of 3rd period - Gord Baldwin is hit by Nick Leddy.
13:29 of 3rd period - Snap shot by Cody Goloubef.
13:29 of 3rd period - Stopped by Corey Crawford without a rebound.
13:30 of 3rd period - Lars Eller wins face-off versus Maxime Macenauer in Sasquatch zone.
14:48 of 3rd period - Wrist shot by Yann Sauvé.
14:48 of 3rd period - Stopped by Anders Lindback without a rebound.
14:49 of 3rd period - Josh Bailey wins face-off versus Anton Lander in Mulligans zone.
14:50 of 3rd period - Wrist shot by Linus Omark.
14:50 of 3rd period - Stopped by Anders Lindback without a rebound.
14:51 of 3rd period - Josh Bailey wins face-off versus Anton Lander in Mulligans zone.
16:03 of 3rd period - Yann Sauvé is hit by Nick Bonino and loses puck.
16:24 of 3rd period - Josh Bailey is hit by Eric Tangradi and loses puck.
17:02 of 3rd period - Slapshot by D.J King.
17:02 of 3rd period - Stopped by Anders Lindback with a rebound.
17:24 of 3rd period - Wrist shot by Drew Shore.
17:24 of 3rd period - Stopped by Anders Lindback without a rebound.
17:25 of 3rd period - Nick Bonino wins face-off versus Stephane Da Costa in Mulligans zone.
17:32 of 3rd period - Snap shot by Drayson Bowman.
17:32 of 3rd period - Stopped by Corey Crawford with a rebound.
17:34 of 3rd period - Snap shot by Cody Goloubef.
17:34 of 3rd period - Stopped by Corey Crawford with a rebound.
18:17 of 3rd period - Sven Baertschi is hit by Garnet Hathaway and loses puck.
18:50 of 3rd period - Snap shot by Nick Bonino.
18:50 of 3rd period - Stopped by Corey Crawford with a rebound.
19:02 of 3rd period - Slapshot by Anton Lander.
19:02 of 3rd period - Shot Misses the Net.
19:06 of 3rd period - Slapshot by Jonathan Tremblay.
19:06 of 3rd period - Stopped by Corey Crawford without a rebound.
19:07 of 3rd period - Maxime Macenauer wins face-off versus Stephane Da Costa in Sasquatch zone.
19:40 of 3rd period - Slapshot by Michael Del Zotto.
19:40 of 3rd period - Shot Blocked by Yann Sauvé.
Goals for this period are 1 for Mulligans vs 2 for Sasquatch.
Shots for this period are 15 for Mulligans vs 10 for Sasquatch.